 Dungeon Crawl Stone Soup version 0.31-a0-145-g046c7d2549 (webtiles) character file.

Game seed: 15446028605737483941

219486 juan097 the Black Belt (level 18, -3/166 HPs)
             Began as a Red Draconian Transmuter on June 5, 2023.
             Was the Champion of Jiyva.
             Slain by an alligator snapping turtle (56 damage)
             ... on level 1 of the Shoals.
             The game lasted 01:51:03 (25154 turns).

juan097 the Black Belt (Red Draconian Transmuter)  Turns: 25154, Time: 01:51:05

Health: -3/166     AC: 17    Str: 11    XL:     18   Next: 1%
Magic:  27/27      EV: 24    Int: 24    God:    Jiyva [******]
Gold:   862        SH: 11    Dex: 19    Spells: 1/29 levels left

rFire   + +          .
                       - Unarmed
rCold   + . .        (no shield)
rNeg    . . .        (body armour unavailable)
rPois   +            C - melded +2 hat
rElec   +            h - +0 cloak
rCorr   +            V - +2 pair of gloves {Stlth+}
SInv    +            s - melded +1 pair of boots
Will    +....        G - amulet of reflection
Stlth   ++++         D - ring of Beonorph {rElec rF+ rC+ Int+6, =R}
HPRegen 3.67/turn    K - ring of poison resistance
MPRegen 0.70/turn

%: reflection
@: short of breath, appendages, wereblooded
A: talons 2, breathe fire, AC +10, unfitting armour, fire resistance 1,
cold-blooded, horns 1, stinger 1, large bone plates 2, clever 1, regeneration 2,
eyeballs 3, gelatinous body 3, tendrils, jelly absorbing missiles, MP-powered
wands
}: 2/15 runes: slimy, gossamer
a: Breathe Fire, End Transformation, Renounce Religion, Oozemancy, Slimify


You were on level 1 of the Shoals.
You worshipped Jiyva.
Jiyva was exalted by your worship.
You had temporarily grown beastly talons.
You visited 6 branches of the dungeon, and saw 32 of its levels.
You also visited: Ice Cave and Volcano.

You collected 2152 gold pieces.
You spent 1290 gold pieces at shops.

Inventory:

Hand Weapons
 b - the +3 orcbow of Destiny {elec, Will+}
   (You found it on level 12 of the Dungeon)

   Will:      It increases your willpower.
 E - a +2 longbow of flaming
 F - the +12 long sword of Netot {protect, rPois Stlth+}
   (You found it on level 5 of the Pits of Slime)

   rPois:     It protects you from poison.
   Stlth:     It makes you more stealthy.
Missiles
 e - 3 boomerangs of dispersal
 g - 23 poisoned darts
 j - 10 boomerangs
 p - 6 silver boomerangs
 x - 6 throwing nets
 y - 4 atropa-tipped darts
 Z - 2 javelins
Armour
 h - a +0 cloak (worn)
 s - a +1 pair of boots (melded)
 C - a +2 hat (melded)
 N - a +0 buckler of protection
 V - a +2 pair of gloves of stealth (worn)
 X - a +0 kite shield
Jewellery
 A - a ring of positive energy
 D - the ring of Beonorph (left hand) {rElec rF+ rC+ Int+6, =R}
   (You found it on level 5 of the Pits of Slime)

   [ring of intelligence]

   Int:       It affects your intelligence (+6).
   rF:        It protects you from fire.
   rC:        It protects you from cold.
   rElec:     It insulates you from electricity.
 G - an amulet of reflection (around neck)
 K - a ring of poison resistance (right hand)
 O - a ring of willpower
Wands
 r - a wand of paralysis (8)
 I - a wand of roots (16)
 J - a wand of acid (5)
 L - a wand of flame (39)
Scrolls
 i - 3 scrolls of fog {unknown}
 n - 4 scrolls of torment
 q - 2 scrolls of enchant armour
 u - a scroll of enchant weapon
 v - 2 scrolls of vulnerability
 z - 2 scrolls of teleportation
 M - a scroll of immolation {unknown}
 R - 3 scrolls of blinking
 W - a scroll of amnesia {unknown}
 Y - a scroll of magic mapping
Potions
 a - a potion of lignification
 c - 2 potions of brilliance
 d - a potion of attraction
 f - 2 potions of heal wounds
 k - 3 potions of might
 l - 3 potions of magic
 m - 4 potions of haste
 o - 7 potions of ambrosia
 t - a potion of enlightenment {unknown}
 w - a potion of mutation {unknown}
 H - 5 potions of curing
 S - 2 potions of berserk rage {unknown}
 U - a potion of cancellation {unknown}
Miscellaneous
 B - a box of beasts
 P - a tin of tremorstones (1/2)
 Q - a phantom mirror
 T - a phial of floods


   Skills:
 + Level 15.6 Fighting
 + Level 7.4 Ranged Weapons
 + Level 13.4 Dodging
 - Level 4.0 Stealth
 - Level 6.0 Shields
 + Level 17.2 Unarmed Combat
 - Level 6.0 Spellcasting
 - Level 4.0 Conjurations
 + Level 5.5 Hexes
 + Level 4.9 Translocations
 + Level 9.4 Transmutations
 - Level 4.0 Ice Magic
 - Level 4.0 Air Magic
 - Level 4.0 Poison Magic
 + Level 9.0 Evocations


You had one spell level left.
You knew the following spells:

 Your Spells              Type           Power      Damage    Failure   Level
a - Beastly Appendage     Tmut           100%       N/A       1%          1
b - Wereblood             Tmut           51%        N/A       1%          2
c - Spider Form           Tmut/Pois      39%        N/A       1%          3
d - Ice Form              Ice/Tmut       39%        N/A       4%          4
e - Mephitic Cloud        Conj/Pois/Air  26%        N/A       4%          3
f - Passwall              Tmut/Erth      24%        N/A       1%          2
g - Ozocubu's Armour      Ice            26%        N/A       4%          3
h - Apportation           Tloc           60%        N/A       1%          1
i - Yara's Violent Unrav  Hex/Tmut       21%        3d10      11%         5
j - Passage of Golubria   Tloc           30%        N/A       11%         4

Your spell library contained the following spells:

 Spells                   Type           Power      Damage    Failure   Level
 Magic Dart               Conj           100%       1d8       1%          1
 Sting                    Tmut/Pois      100%       1d8       1%          1
 Foxfire                  Conj/Fire      64%        2x1d7     3%          1
 Necrotise                Necr           28%        1d5       8%          1
 Sandblast                Erth           14%        2d6       8%          1
 Summon Small Mammal      Summ           28%        N/A       8%          1
 Poisonous Vapours        Pois/Air       52%        N/A       2%          2
 Tukima's Dance           Hex            33%        N/A       2%          3
 Stone Arrow              Conj/Erth      32%        3d9       11%         3
 Call Imp                 Summ           14%        N/A       12%         2
 Irradiate                Conj/Tmut      19%        3d18      14%         5
 Freezing Cloud           Conj/Ice/Air   13%        6-21      38%         5
 Fireball                 Conj/Fire      8%         3d6       67%         5
 Statue Form              Tmut/Erth      19%        N/A       87%         6
 Plasma Beam              Fire/Air       8%         2x1d18    99%         6
 Starburst                Conj/Fire      8%         6d4       99%         6
 Ozocubu's Refrigeration  Ice            13%        4d10      100%        7
 Chain Lightning          Conj/Air       13%        3d17      100%        9
 Fire Storm               Conj/Fire      8%         8d2       100%        9
 Shatter                  Erth           3%         3d7*      100%        9


Dungeon Overview and Level Annotations

Branches:
Dungeon (15/15)            Temple (0/1) D:5            Lair (5/5) D:8
 Shoals (1/4) Lair:3       Spider (4/4) Lair:3        Slime (5/5) Lair:4
    Orc (2/2) D:11            Elf (0/3) Orc:2        Vaults (0/5) D:14
 Depths (0/4) D:15          IceCv (visited)         Volcano (visited)

Altars:
Ashenzari
Cheibriados
Dithmenos
Fedhas
Hepliaklqana
Kikubaaqudgha
Makhleb
Nemelex Xobeh
Okawaru
Qazlal
Ru
Sif Muna
Trog
Uskayaw
Wu Jian
Xom
Jiyva

Shops:
D:5 [   D:7 [   Orc:2 *[:?   Shoals:1 =

Portals:
Trove: D:11 (give +4 fire dragon scales)

Annotations:
D:5 Edmund
Shoals:1 1 transporter, avis's ghost, adept HOMo
Slime:5 Royal Jelly


Innate Abilities, Weirdness & Mutations

You have temporarily grown beastly talons.
You can breathe blasts of fire.
Your fiery red scales are hard. (AC +10)
You cannot fit into any form of body armour.
Your flesh is heat resistant. (rF+)
You are cold-blooded and may be slowed by cold attacks.
You have a pair of small horns on your head.
Your tail ends in a venomous barb.
You are mostly covered in large bone plates. (SH +6)
Your mind is acute. (Int +4, Str/Dex -1)
You heal very quickly.
Your body is covered in eyes which may confuse attackers. (Acc +7, SInv)
Your gelatinous body deflects attacks. (AC +3, EV +3)
You are covered in slimy tendrils that may disarm your opponents.
You have a small jelly attached to you that may absorb projectiles.
You expend magic power (3 MP) to strengthen your wands.


Message History

You block the sea snake's attack.
You punch the sea snake! You headbutt the sea snake.
You tail-slap the sea snake. You punch the sea snake.
You feel a bit better.
You kill the sea snake!
You block the snapping turtle's attack.
The alligator snapping turtle closely misses you.
Aiming: Breathe Fire (1% risk of failure)
Press: ? - help, Shift-Dir - straight line, f - alligator snapping turtle
Aim: an alligator snapping turtle (lightly wounded, berserk, 100% to hit)
You breathe a blast of fire.
The fiery breath hits the alligator snapping turtle!
The alligator snapping turtle is moderately wounded.
You howl as the wereblood boils in your veins!
The manticore seems less confused.
You block the snapping turtle's attack.
The alligator snapping turtle bites you!
The eyeballs on your body gaze at the alligator snapping turtle.
The snapping turtle misses you.
You hit the alligator snapping turtle.
You claw the alligator snapping turtle, but do no damage.
You headbutt the alligator snapping turtle, but do no damage.
The alligator snapping turtle is moderately wounded.
The alligator snapping turtle closely misses you.
The snapping turtle barely misses you. The manticore completely misses you.
The manticore claws you but does no damage.
The manticore misses you.
You punch the alligator snapping turtle!
The alligator snapping turtle is moderately wounded.
You block the snapping turtle's attack.
The alligator snapping turtle is engulfed in blazing flames.
The manticore bites you but does no damage.
The manticore barely misses you. The manticore completely misses you.
You strike the helpless alligator snapping turtle from behind!
You hit the alligator snapping turtle. You claw the alligator snapping turtle.
You punch the alligator snapping turtle, but do no damage.
The alligator snapping turtle is moderately wounded.
The alligator snapping turtle is engulfed in blazing flames.
The snapping turtle bites you from afar!!
The alligator snapping turtle is engulfed in blazing flames.
The alligator snapping turtle bites you!!!
You die...

≈~~~~..................## #..~~
≈~~~~...................#####...~
≈~~~~.###..................#.....
~~~.~.###..........~.~........[).
~~~~~~.##........J...............
~~~........####©###....~...~.~..#
≈~~~...#####..###©##..~~~~~~~≈≈.#
≈~~~~~~#....#..†...##.~~~J..~≈≈≈.
≈~~~~~##...#...#@H..#.~≈~~..≈≈≈≈.
~~~~~.#.....y#Wt##..#J~≈~~~~~≈...
~~~~~.#..##..©tH#...#J~≈≈~~~~~~..
≈~~~~.#.....#.....#.##~#≈≈≈≈~~~~~
≈≈~~~~##.##..[###....#.#≈≈≈≈≈≈≈≈≈
≈≈~~~.~#H$.(}"?$$#..##.≈≈≈≈≈≈≈≈≈≈
≈≈~~~~~##..##### .###..≈≈≈≈≈≈≈≈≈≈
≈≈~~~~~.####.©~####...~≈≈≈≈≈≈≈≈≈≈
≈≈≈~~~~~~.........~~~~≈≈≈≈≈≈≈≈≈≈≈


You could see an alligator snapping turtle (berserk, confused), a snapping
turtle (berserk), 2 manticores, avis's ghost and 2 neutral jellies (fellow
slime).

Vanquished Creatures
  Jorgrun (D:13)
  Roxanne (D:15)
  Kirke (D:13)
  A fire giant (D:15)
  4 ghost moths
  4 emperor scorpions
  An orc warlord (Orc:2)
  A broodmother (Spider:2)
  A reaper (IceCv)
  Azrael (Orc:1)
  Nessos (Lair:3)
  8 spark wasps
  A merfolk javelineer (Shoals:1)
  The ghost of Xenemn the Ruffian, a journeyman TrFi of Ashenzari (Lair:2)
  Josephine (D:13)
  A fire dragon (Lair:5)
  6 entropy weavers
  Harold (Lair:2)
  3 vault guards (D:14)
  3 ogre magi
  A ghost crab (Spider:1)
  11 hydras
  2 jorogumos (Spider:3)
  A death knight (D:15)
  A radroach (Lair:3)
  5 boulder beetles
  6 centaur warriors
  3 death yaks (Lair:4)
  16 two-headed ogres
  2 catoblepae
  7 demonic crawlers
  4 tengu warriors
  A hell knight (Volcano)
  4 skysharks
  4 pharaoh ants
  9 skeletal warriors
  A salamander mystic (Volcano)
  A sun moth (Spider:4)
  2 sea snakes (Shoals:1)
  3 orb spiders
  2 deep trolls (Orc:2)
  A swamp dragon (Lair:5)
  The ghost of Darkkill the Shooter, a novice MiHu (D:6)
  3 harpies (Shoals:1)
  6 steelbarb worms
  A deep elf zephyrmancer (Orc:1)
  4 deep elf pyromancers
  3 orc knights
  21 ugly things
  5 salamanders (Volcano)
  7 manticores
  26 wolf spiders
  3 orc sorcerers
  6 cyclopes
  2 moths of wrath (Spider:2)
  7 fauns (Shoals:1)
  An ice statue (IceCv)
  7 black mambas
  A guardian serpent (Lair:5)
  5 merfolk sirens
  A molten gargoyle (Volcano)
  5 torpor snails
  14 elephants
  14 cane toads
  3 gargoyles
  Psyche (D:10)
  2 unseen horrors
  An efreet (D:14)
  5 rime drakes
  An ice devil (IceCv)
  3 komodo dragons
  5 yaktaurs (D:15)
  3 anaconda simulacra (IceCv)
  2 tengu conjurers
  4 merfolk
  16 trolls
  7 hornets
  6 meliai
  A wind drake (Shoals:1)
  3 polar bears
  5 tyrant leeches (Spider:1)
  A polar bear (shapeshifter) (D:10)
  A wolf spider simulacrum (D:12)
  22 tarantellas
  8 dream sheep
  15 blink frogs
  37 jumping spiders
  A shadow (D:10)
  18 culicivoras
  8 water elementals
  11 wyverns
  A vampire (D:12)
  Eustachio (D:4)
  7 wraiths
  A dire elephant simulacrum (IceCv)
  2 fire elementals (Orc:1)
  8 humans (D:14)
  9 fire bats
  3 steam dragons
  56 yaks
  51 redbacks
  12 basilisks
  11 vampire mosquitoes
  3 death yak simulacra
  A harpy simulacrum (IceCv)
  2 wargs (Orc:1)
  2 hell hounds
  19 water moccasins
  4 acid dragons
  2 black bears
  19 orc warriors
  2 swamp drakes
  2 ice beasts (D:7)
  A sky beast (D:6)
  3 boggarts
  4 centaurs
  6 wolves
  24 ogres
  3 phantoms
  10 bullfrogs
  3 two-headed ogre simulacra (IceCv)
  4 cane toad simulacra (IceCv)
  2 scorpions
  2 gnoll sergeants
  4 wights (D:10)
  3 elephant simulacra
  6 killer bees (D:10)
  3 howler monkeys (D:11)
  2 electric eels
  A crimson imp (Orc:1)
  5 lava snakes (Volcano)
  3 jellies
  A gnoll bouda (D:9)
  An iron imp (Orc:1)
  2 hounds
  12 orc priests
  10 iguanas
  19 orc wizards
  7 troll simulacra
  2 wolf simulacra (IceCv)
  3 polar bear simulacra
  10 spriggan simulacra
  7 adders
  11 gnolls
  8 naga simulacra
  A shadow imp (Orc:1)
  9 white imps
  4 ufetubi
  A worm (D:4)
  2 dart slugs
  62 orcs
  5 endoplasms
  5 giant cockroaches
  7 goblins
  4 hobgoblins
  5 kobolds
  2 quokkas
  9 ball pythons
  8 bats
  3 frilled lizards
  7 rats
996 creatures vanquished.

Vanquished Creatures (collateral kills)
  Erica (Lair:2)
  A skyshark (Lair:3)
  2 orb spiders (Spider:4)
  A wolf spider (Spider:4)
  2 tarantellas
  2 dream sheep (Lair:3)
  2 wyverns
  An orc priest (D:6)
12 creatures vanquished.

Vanquished Creatures (others)
  A vault guard (D:14)
  An ogre mage (D:12)
  3 deep elf pyromancers
  A wolf spider (Spider:4)
  A cyclops (D:12)
  A cane toad (Lair:4)
  An unseen horror (D:12)
  A tarantella (Spider:2)
  A culicivora (Spider:2)
  3 slime creatures
  A shadow (D:12)
  A yak (Lair:1)
  7 humans (D:13)
  A redback (Spider:3)
  3 water moccasins (Lair:5)
  A boggart (D:14)
  A centaur (D:7)
  3 bullfrogs
  A scorpion (D:7)
  121 jellies
  2 iguanas
  An adder (D:6)
  An ufetubus (D:5)
  A dart slug (D:4)
  7 orcs
  2 ball pythons
  2 endoplasms
  2 goblins
  2 hobgoblins
  4 jackals (D:4)
  2 kobolds (D:4)
  2 quokkas (D:3)
182 creatures vanquished.

Grand Total: 1190 creatures vanquished

Notes
Turn   | Place    | Note
-------+----------+-------------------------------------------
     0 | D:1      | juan097 the Draconian Transmuter began the quest for the
                  | Orb.
     0 | D:1      | Reached XP level 1. HP: 16/16 MP: 3/3
   134 | D:1      | Reached XP level 2. HP: 23/23 MP: 3/5
   141 | D:1      | Learned a level 2 spell: Wereblood
   845 | D:2      | Reached skill level 1 in Stealth
   912 | D:2      | Found a faded altar of an unknown god.
   920 | D:2      | Reached XP level 3. HP: 29/29 MP: 4/6
   933 | D:2      | Prayed at the altar of an unknown god.
   933 | D:2      | Became a worshipper of Jiyva Jeawigiy the Shapeless
   933 | D:2      | Reached * piety under Jiyva
  1257 | D:2      | Found a sparkling altar of Nemelex Xobeh.
  1534 | D:3      | Reached ** piety under Jiyva
  1615 | D:3      | Reached XP level 4. HP: 36/36 MP: 7/7
  1700 | D:3      | Reached skill level 4 in Unarmed Combat
  1714 | D:3      | Found an iron altar of Okawaru.
  2141 | D:4      | Reached *** piety under Jiyva
  2146 | D:4      | Noticed a scorpion
  2244 | D:4      | Killed a scorpion
  2245 | D:4      | Reached XP level 5. HP: 29/41 MP: 8/8
  2484 | D:4      | Gained mutation: You have a pair of small horns on your
                  | head. [Jiyva's grace]
  2484 | D:4      | Gained mutation: You have a pair of horns on your head.
                  | [Jiyva's grace]
  2484 | D:4      | Gained mutation: You have a pair of large horns on your
                  | head. [Jiyva's grace]
  2484 | D:4      | Gained mutation: Your melee attacks may engulf your foes in
                  | ooze. [Jiyva's grace]
  2495 | D:4      | Found an ancient bone altar of Kikubaaqudgha.
  2580 | D:4      | Learned a level 3 spell: Spider Form
  2642 | D:4      | Noticed Eustachio
  2651 | D:4      | Killed Eustachio
  2652 | D:4      | Reached skill level 5 in Unarmed Combat
  2826 | D:4      | Reached **** piety under Jiyva
  2963 | D:5      | Entered Level 5 of the Dungeon
  3094 | D:5      | Reached XP level 6. HP: 48/48 MP: 9/9
  3144 | D:5      | Noticed Edmund
  3298 | D:5      | Found a staircase to the Ecumenical Temple.
  3544 | D:5      | Found Ragnar's Dragon-Slaying Spoils.
  3676 | D:5      | Reached ***** piety under Jiyva
  3779 | D:6      | Noticed a yak
  3779 | D:6      | Found a transporter.
  3785 | D:6      | Noticed a troll
  3787 | D:6      | Noticed a yak
  3787 | D:6      | Noticed Darkkill's ghost (novice MiHu)
  3794 | D:6      | Lost mutation: You have a pair of large horns on your head.
                  | [Jiyva's grace]
  3794 | D:6      | Lost mutation: You have razor-sharp toenails. [Jiyva's
                  | grace]
  3794 | D:6      | Lost mutation: You have sharp toenails. [Jiyva's grace]
  3794 | D:6      | Gained mutation: Your rubbery body absorbs attacks. (AC +1,
                  | EV +1) [Jiyva's grace]
  3794 | D:6      | Gained mutation: Your pliable body absorbs attacks. (AC +2,
                  | EV +2) [Jiyva's grace]
  3794 | D:6      | Gained mutation: Your gelatinous body deflects attacks. (AC
                  | +3, EV +3) [Jiyva's grace]
  3794 | D:6      | Gained mutation: You are agile. (Dex +4, Str/Int -1)
                  | [Jiyva's grace]
  3798 | D:6      | Found a transporter.
  3854 | D:6      | Your scales start taking on a fiery red colour.
  3854 | D:6      | Reached XP level 7. HP: 51/55 MP: 10/10
  3854 | D:6      | Gained mutation: Your flesh is heat resistant. (rF+) [Red
                  | Draconian growth]
  3881 | D:6      | Reached skill level 1 in Poison Magic
  3939 | D:6      | Reached skill level 6 in Unarmed Combat
  4052 | D:6      | Noticed a yak
  4052 | D:6      | Noticed a yak
  4052 | D:6      | Noticed a yak
  4052 | D:6      | Noticed a yak
  4055 | D:6      | Noticed a yak
  4079 | D:6      | Killed a yak
  4084 | D:6      | Killed a yak
  4093 | D:6      | Killed a yak
  4094 | D:6      | Reached XP level 8. HP: 60/61 MP: 9/12
  4096 | D:6      | Reached skill level 7 in Unarmed Combat
  4229 | D:6      | Found a snail-covered altar of Cheibriados.
  4229 | D:6      | Found a hazy altar of Hepliaklqana.
  4236 | D:6      | Found a bloodstained altar of Trog.
  4238 | D:6      | Found a faded altar of an unknown god.
  4240 | D:6      | Found a faded altar of an unknown god.
  4362 | D:6      | Found a hide-covered altar of Uskayaw.
  4367 | D:6      | Found a stormy altar of Qazlal.
  4373 | D:6      | Found a burning altar of Makhleb.
  4385 | D:6      | Found a blossoming altar of Fedhas.
  4389 | D:6      | Found a sacrificial altar of Ru.
  4395 | D:6      | Found a broken altar of Ashenzari.
  4399 | D:6      | Found a shimmering blue altar of Sif Muna.
  4444 | D:6      | Reached skill level 8 in Unarmed Combat
  4538 | D:7      | Reached skill level 5 in Transmutations
  4738 | D:7      | Found Geovof's Armour Emporium.
  4738 | D:7      | Noticed an animated storm dragon scales
  4743 | D:7      | Noticed an animated plate armour
  4775 | D:7      | Bought a +1 pair of boots for 172 gold pieces
  4812 | D:7      | Identified the +4 rapier of the Witching Bear {heavy, Dex+5
                  | Stlth+}
  4886 | D:7      | Learned a level 4 spell: Ice Form
  4932 | D:7      | Reached XP level 9. HP: 67/67 MP: 13/13
  5218 | D:8      | Found a staircase to the Lair.
  5306 | D:8      | Found an ornate altar of the Wu Jian Council.
  5374 | D:8      | Lost mutation: Your gelatinous body deflects attacks. (AC
                  | +3, EV +3) [Jiyva's grace]
  5374 | D:8      | Gained mutation: You have a small jelly attached to you
                  | that may absorb projectiles. [Jiyva's grace]
  5374 | D:8      | Gained mutation: Your flesh is cold resistant. (rC+)
                  | [Jiyva's grace]
  5374 | D:8      | Gained mutation: Your flesh is very cold resistant. (rC++)
                  | [Jiyva's grace]
  5374 | D:8      | Gained mutation: Your flesh is almost immune to the effects
                  | of cold. (rC+++) [Jiyva's grace]
  5407 | D:8      | Reached skill level 1 in Ice Magic
  5442 | D:8      | Reached ****** piety under Jiyva
  5574 | D:8      | Found a shimmering altar of Xom.
  6385 | Lair:1   | Entered Level 1 of the Lair of Beasts
  6557 | Lair:1   | Reached skill level 5 in Dodging
  6618 | Lair:1   | Reached XP level 10. HP: 78/78 MP: 16/16
  6679 | Lair:1   | You fall into a shaft and drop 1 floor!
  6693 | Lair:2   | Reached skill level 9 in Unarmed Combat
  6912 | Lair:2   | Noticed Erica
  6928 | Lair:2   | Killed Erica
  6947 | Lair:2   | Noticed a cane toad
  6957 | Lair:2   | Killed a cane toad
  6958 | Lair:2   | Reached skill level 10 in Unarmed Combat
  6981 | Lair:2   | Lost mutation: You are agile. (Dex +4, Str/Int -1) [Jiyva's
                  | grace]
  6981 | Lair:2   | Lost mutation: Your flesh is almost immune to the effects
                  | of cold. (rC+++) [Jiyva's grace]
  6981 | Lair:2   | Gained mutation: You are covered in fur. (AC +1) [Jiyva's
                  | grace]
  6981 | Lair:2   | Gained mutation: You are covered in thick fur. (AC +2)
                  | [Jiyva's grace]
  6981 | Lair:2   | Gained mutation: Your thick and shaggy fur keeps you warm.
                  | (AC +3, rC+) [Jiyva's grace]
  6981 | Lair:2   | Gained mutation: Your flesh is very heat resistant. (rF++)
                  | [Jiyva's grace]
  7006 | Lair:2   | Found a transporter.
  7007 | Lair:2   | Noticed a cane toad
  7007 | Lair:2   | Noticed a boulder beetle
  7017 | Lair:2   | Noticed Xenemn's ghost (journeyman TrFi)
  7017 | Lair:2   | Noticed Harold
  7025 | Lair:2   | Killed Harold
  7042 | Lair:2   | Noticed a four-headed hydra
  7044 | Lair:2   | Found a transporter.
  7045 | Lair:2   | Noticed a catoblepas
  7101 | Lair:2   | Killed a catoblepas
  7102 | Lair:2   | Reached skill level 11 in Unarmed Combat
  7102 | Lair:2   | Reached XP level 11. HP: 43/84 MP: 15/17
  7143 | Lair:2   | Noticed an eight-headed hydra
  7155 | Lair:2   | Killed an eight-headed hydra
  7775 | Lair:3   | Reached skill level 12 in Unarmed Combat
  7841 | Lair:3   | Noticed a skyshark
  7860 | Lair:3   | Killed a skyshark
  8054 | Lair:3   | Reached skill level 5 in Fighting
  8269 | Lair:3   | Found a staircase to the Shoals.
  8312 | Lair:3   | Noticed Nessos
  8324 | Lair:3   | Killed Nessos
  8647 | Lair:3   | Noticed a wolf spider
  8654 | Lair:3   | Killed a wolf spider
  8655 | Lair:3   | Reached XP level 12. HP: 62/100 MP: 16/18
  8700 | Lair:3   | Found a hole to the Spider Nest.
  8708 | Lair:3   | Reached skill level 13 in Unarmed Combat
  8916 | Lair:4   | Noticed a five-headed hydra
  8916 | Lair:4   | Noticed a boulder beetle
  9078 | Lair:4   | Found a runed translucent door.
  9079 | Lair:4   | Found a viscous altar of Jiyva.
  9079 | Lair:4   | Found a staircase to the Slime Pits.
  9199 | Lair:4   | Noticed a death yak
  9199 | Lair:4   | Noticed a death yak
  9200 | Lair:4   | Noticed a death yak
  9226 | Lair:4   | Killed a death yak
  9334 | Lair:3   | Killed a boulder beetle
  9335 | Lair:3   | Reached skill level 14 in Unarmed Combat
  9406 | Lair:4   | Killed a five-headed hydra
  9411 | Lair:4   | Noticed a four-headed hydra
  9419 | Lair:4   | Killed a four-headed hydra
  9463 | Lair:4   | Identified the +0 scimitar of Kycru {venom, rF+ rC+}
  9534 | Lair:4   | Killed a death yak
  9590 | Lair:4   | Killed a death yak
  9989 | Lair:5   | Entered Level 5 of the Lair of Beasts
  9989 | Lair:5   | Noticed a seven-headed hydra
 10009 | Lair:5   | Killed a seven-headed hydra
 10010 | Lair:5   | Reached XP level 13. HP: 47/108 MP: 16/20
 10143 | Lair:5   | Reached skill level 5 in Spellcasting
 10210 | Lair:5   | Reached skill level 10 in Dodging
 10230 | Lair:5   | Lost mutation: Your flesh is very cold resistant. (rC++)
                  | [Jiyva's grace]
 10230 | Lair:5   | Lost mutation: Your flesh is cold resistant. (rC+) [Jiyva's
                  | grace]
 10230 | Lair:5   | Gained mutation: Your translucent skin slightly reduces
                  | your foes' accuracy. (Stealth+) [Jiyva's grace]
 10230 | Lair:5   | Gained mutation: Your translucent skin reduces your foes'
                  | accuracy. (Stealth+) [Jiyva's grace]
 10230 | Lair:5   | Gained mutation: Your transparent skin significantly
                  | reduces your foes' accuracy. (Stealth+) [Jiyva's grace]
 10230 | Lair:5   | Gained mutation: Your body has grown eyes which may confuse
                  | attackers. (Acc +3) [Jiyva's grace]
 10319 | Lair:5   | Found a dark tunnel.
 10331 | Volcano  | Entered a volcano
 10436 | Volcano  | Reached skill level 10 in Fighting
 10458 | Volcano  | Found a bloodstained altar of Trog.
 10475 | Volcano  | Reached skill level 15 in Unarmed Combat
 10652 | Lair:5   | Identified the +5 quarterstaff "Tojae" {vamp, *Noise rElec
                  | Dex+4}
 11144 | Lair:5   | Reached XP level 14. HP: 124/124 MP: 21/21
 11260 | Lair:5   | HP: 5/148 [guardian serpent (15)]
 11889 | Slime:1  | Entered Level 1 of the Pits of Slime
 11895 | Slime:2  | Noticed an acid blob
 11895 | Slime:2  | Noticed a formless jellyfish
 11895 | Slime:2  | Noticed a formless jellyfish
 11895 | Slime:2  | Noticed a rockslime
 11916 | Slime:2  | Noticed a quicksilver ooze
 11921 | Slime:2  | Noticed a quicksilver ooze
 11923 | Slime:3  | Noticed an acid blob
 11929 | Slime:4  | Noticed a rockslime
 11938 | Slime:5  | Entered Level 5 of the Pits of Slime
 11945 | Slime:5  | Noticed an acid blob
 11952 | Slime:5  | Found a viscous altar of Jiyva.
 11952 | Slime:5  | Noticed an acid blob
 11952 | Slime:5  | Noticed an acid blob
 11953 | Slime:5  | Noticed a rockslime
 11953 | Slime:5  | Noticed a formless jellyfish
 11953 | Slime:5  | Noticed the Royal Jelly
 11953 | Slime:5  | Noticed a rockslime
 11954 | Slime:5  | Noticed an acid blob
 11954 | Slime:5  | Noticed a formless jellyfish
 11956 | Slime:5  | Noticed a rockslime
 11956 | Slime:5  | Noticed an azure jelly
 11956 | Slime:5  | Noticed an acid blob
 11957 | Slime:5  | Noticed an acid blob
 11959 | Slime:5  | Noticed an acid blob
 11962 | Slime:5  | Identified the +12 long sword of Netot {protect, rPois
                  | Stlth+}
 11964 | Slime:5  | Identified the ring of Beonorph {rElec rF+ rC+ Int+6}
 11977 | Slime:5  | Identified the +3 rapier of Abuse {spect, rPois Str-5 Int+4
                  | Dex+2}
 11978 | Slime:5  | Identified the +4 sling of Circularity {heavy, Fly Str-2
                  | Dex+3}
 11979 | Slime:5  | Identified the staff of earth "Taril" {Dex+3}
 11987 | Slime:5  | Identified the +4 shortbow "Vunelal" {drain, rF- Int+4}
 11989 | Slime:5  | Got a slimy rune of Zot
 11999 | Slime:5  | Identified the staff of fire "Doket" {rElec rF+}
 12000 | Slime:5  | Identified the +5 mace of the Thoughtful Tales {freeze,
                  | rCorr Int+5}
 12010 | Slime:5  | Learned a level 3 spell: Mephitic Cloud
 12040 | Slime:5  | Noticed an acid blob
 12051 | Slime:3  | Noticed an acid blob
 12076 | Slime:2  | Noticed an azure jelly
 12259 | D:9      | Reached skill level 1 in Evocations
 12616 | D:9      | Lost mutation: You have a pair of horns on your head.
                  | [Jiyva's grace]
 12616 | D:9      | Lost mutation: Your thick and shaggy fur keeps you warm.
                  | (AC +3, rC+) [Jiyva's grace]
 12616 | D:9      | Lost mutation: You are covered in thick fur. (AC +2)
                  | [Jiyva's grace]
 12616 | D:9      | Lost mutation: You are covered in fur. (AC +1) [Jiyva's
                  | grace]
 12616 | D:9      | Lost mutation: Your transparent skin significantly reduces
                  | your foes' accuracy. (Stealth+) [Jiyva's grace]
 12616 | D:9      | Gained mutation: Your large and strong wings let you fly.
                  | [Jiyva's grace]
 12616 | D:9      | Gained mutation: Your muscles are strong. (Str +4, Int/Dex
                  | -1) [Jiyva's grace]
 12616 | D:9      | Gained mutation: Your muscles are very strong. (Str +8,
                  | Int/Dex -2) [Jiyva's grace]
 12616 | D:9      | Gained mutation: Your gelatinous body deflects attacks. (AC
                  | +3, EV +3) [Jiyva's grace]
 12724 | D:10     | Entered Level 10 of the Dungeon
 12786 | D:10     | Reached skill level 1 in Air Magic
 12827 | D:10     | Reached skill level 1 in Ranged Weapons
 12979 | D:10     | Reached skill level 1 in Conjurations
 13175 | D:10     | Identified the +1 leather armour "Zikheh" {rElec rF+
                  | Regen+}
 13347 | D:10     | Noticed Psyche
 13351 | D:10     | Killed Psyche
 13423 | D:10     | Found a shadowy altar of Dithmenos.
 13742 | D:11     | Found a staircase to the Orcish Mines.
 13782 | D:11     | Found a shadowy altar of Dithmenos.
 14200 | D:11     | Found a portal to a secret trove of treasure.
 14474 | D:6      | Killed Darkkill's ghost
 14639 | Lair:2   | Killed Xenemn's ghost
 14827 | Orc:1    | Entered Level 1 of the Orcish Mines
 14989 | Orc:1    | Learned a level 2 spell: Passwall
 15079 | Orc:1    | Gained mutation: Your body has grown many eyes which may
                  | confuse attackers. (Acc +5) [Jiyva's grace]
 15079 | Orc:1    | Gained mutation: Your body is covered in eyes which may
                  | confuse attackers. (Acc +7, SInv) [Jiyva's grace]
 15079 | Orc:1    | Gained mutation: You are covered in slimy tendrils that may
                  | disarm your opponents. [Jiyva's grace]
 15079 | Orc:1    | Gained mutation: Your mind is acute. (Int +4, Str/Dex -1)
                  | [Jiyva's grace]
 15196 | Orc:2    | Entered Level 2 of the Orcish Mines
 15196 | Orc:2    | Found a staircase to the Elven Halls.
 15230 | Orc:2    | Noticed Azrael
 15309 | Orc:1    | Reached skill level 5 in Evocations
 15341 | Orc:2    | Reached XP level 15. HP: 105/132 MP: 17/22
 15368 | Orc:1    | Killed Azrael
 15519 | Orc:2    | Found a frozen archway.
 15530 | IceCv    | Entered an ice cave
 16388 | Orc:2    | Found Wauhapu's Magic Scroll Shoppe.
 16389 | Orc:2    | Found Xuteir's Book Boutique.
 16395 | Orc:2    | Found Totychea's Assorted Antiques.
 16405 | Orc:2    | Found Suruptex's Antique Armour Boutique.
 16409 | Orc:2    | Bought a scroll of blinking for 120 gold pieces
 16409 | Orc:2    | Bought a scroll of fear for 64 gold pieces
 16409 | Orc:2    | Bought a scroll of enchant armour for 120 gold pieces
 16414 | Orc:2    | Bought a pair of glowing boots for 240 gold pieces
 16674 | Orc:2    | Found a bloodstained altar of Trog.
 17052 | Orc:2    | Bought a scroll of vulnerability for 64 gold pieces
 17272 | D:12     | Learned a level 3 spell: Ozocubu's Armour
 17274 | D:12     | Learned a level 1 spell: Apportation
 17312 | D:12     | Reached skill level 16 in Unarmed Combat
 17346 | D:12     | Found the +7 great mace "Undeadhunter" {deathbane, rN+}
 17356 | D:12     | Found the +10 morningstar "Eos" {elec, Halo rElec}
 17359 | D:12     | Identified the +3 orcbow of Destiny {elec, Will+}
 17542 | D:12     | Lost mutation: Your flesh is very heat resistant. (rF++)
                  | [Jiyva's grace]
 17542 | D:12     | Lost mutation: Your muscles are very strong. (Str +8,
                  | Int/Dex -2) [Jiyva's grace]
 17542 | D:12     | Lost mutation: Your gelatinous body deflects attacks. (AC
                  | +3, EV +3) [Jiyva's grace]
 17542 | D:12     | Lost mutation: Your translucent skin reduces your foes'
                  | accuracy. (Stealth+) [Jiyva's grace]
 17542 | D:12     | Lost mutation: Your melee attacks may engulf your foes in
                  | ooze. [Jiyva's grace]
 17542 | D:12     | Gained mutation: Your tail ends in a venomous barb.
                  | [Jiyva's grace]
 17542 | D:12     | Gained mutation: Your tail ends in a sharp venomous barb.
                  | [Jiyva's grace]
 17542 | D:12     | Gained mutation: Your tail ends in a wickedly sharp and
                  | venomous barb. [Jiyva's grace]
 17542 | D:12     | Gained mutation: You possess an exceptional clarity of
                  | mind. [Jiyva's grace]
 17605 | D:12     | Learned a level 5 spell: Yara's Violent Unravelling
 17826 | D:13     | Noticed Josephine
 17832 | D:13     | Noticed Kirke
 17840 | D:13     | Killed Josephine
 17855 | D:13     | Noticed a sphinx
 17858 | D:13     | Killed Kirke
 17864 | D:13     | Reached skill level 1 in Translocations
 17865 | D:13     | Reached skill level 1 in Hexes
 17867 | D:13     | Noticed Jorgrun
 17875 | D:13     | Killed Jorgrun
 17892 | D:13     | HP: 5/138 [two-headed ogre/+0 giant club (29)]
 18550 | D:14     | Reached XP level 16. HP: 146/146 MP: 22/24
 18666 | D:14     | Lost mutation: Your tail ends in a wickedly sharp and
                  | venomous barb. [Jiyva's grace]
 18666 | D:14     | Lost mutation: You possess an exceptional clarity of mind.
                  | [Jiyva's grace]
 18666 | D:14     | Lost mutation: Your pliable body absorbs attacks. (AC +2,
                  | EV +2) [Jiyva's grace]
 18666 | D:14     | Gained mutation: You have a small jelly attached to you
                  | that senses nearby items. [Jiyva's grace]
 18666 | D:14     | Gained mutation: You are partially covered in large bone
                  | plates. (SH +4) [Jiyva's grace]
 18666 | D:14     | Gained mutation: You are mostly covered in large bone
                  | plates. (SH +6) [Jiyva's grace]
 18666 | D:14     | Gained mutation: You are completely covered in large bone
                  | plates. (SH +8) [Jiyva's grace]
 18888 | D:14     | You are sucked into a shaft and drop 1 floor!
 18888 | D:15     | Entered Level 15 of the Dungeon
 19102 | D:15     | Reached skill level 5 in Ranged Weapons
 19206 | D:15     | Found a staircase to the Depths.
 19526 | D:14     | Identified the +4 shortbow of Kindness {freeze, rC++ rN+
                  | Int-3 Dex+2}
 19664 | D:14     | Found a gate to the Vaults.
 20129 | D:15     | Identified Roxanne's Exposition on the Figure
 20129 | D:15     | Noticed Roxanne
 20300 | D:15     | Killed Roxanne
 20488 | Spider:1 | Entered Level 1 of the Spider Nest
 20803 | Spider:1 | Noticed Louise
 21166 | Spider:1 | Slimified Louise
 21166 | Spider:1 | Louise changed into Louise the slime creature
 21166 | Spider:1 | Noticed Louise
 21352 | Spider:2 | Reached skill level 1 in Shields
 21407 | Spider:2 | Reached skill level 15 in Fighting
 21407 | Spider:2 | Reached XP level 17. HP: 156/156 MP: 24/26
 21775 | Spider:2 | Lost mutation: You are covered in slimy tendrils that may
                  | disarm your opponents. [Jiyva's grace]
 21775 | Spider:2 | Lost mutation: You have a small jelly attached to you that
                  | senses nearby items. [Jiyva's grace]
 21775 | Spider:2 | Gained mutation: Your pliable body absorbs attacks. (AC +2,
                  | EV +2) [Jiyva's grace]
 21775 | Spider:2 | Gained mutation: Your gelatinous body deflects attacks. (AC
                  | +3, EV +3) [Jiyva's grace]
 21775 | Spider:2 | Gained mutation: Your natural rate of healing is unusually
                  | fast. [Jiyva's grace]
 21775 | Spider:2 | Gained mutation: You heal very quickly. [Jiyva's grace]
 22591 | Spider:3 | Reached skill level 5 in Hexes
 23548 | Spider:3 | Learned a level 4 spell: Passage of Golubria
 23554 | Spider:4 | Entered Level 4 of the Spider Nest
 23561 | Spider:4 | Reached skill level 17 in Unarmed Combat
 23599 | Spider:4 | Reached skill level 5 in Shields
 23733 | Spider:4 | Lost mutation: Your large and strong wings let you fly.
                  | [Jiyva's grace]
 23733 | Spider:4 | Lost mutation: Your tail ends in a sharp venomous barb.
                  | [Jiyva's grace]
 23733 | Spider:4 | Lost mutation: You are completely covered in large bone
                  | plates. (SH +8) [Jiyva's grace]
 23733 | Spider:4 | Lost mutation: Your muscles are strong. (Str +4, Int/Dex
                  | -1) [Jiyva's grace]
 23733 | Spider:4 | Lost mutation: Your body is covered in eyes which may
                  | confuse attackers. (Acc +7, SInv) [Jiyva's grace]
 23733 | Spider:4 | Lost mutation: Your body has grown many eyes which may
                  | confuse attackers. (Acc +5) [Jiyva's grace]
 23733 | Spider:4 | Lost mutation: Your translucent skin slightly reduces your
                  | foes' accuracy. (Stealth+) [Jiyva's grace]
 23733 | Spider:4 | Gained mutation: You are covered in slimy tendrils that may
                  | disarm your opponents. [Jiyva's grace]
 23733 | Spider:4 | Gained mutation: You expend magic power (3 MP) to
                  | strengthen your wands. [Jiyva's grace]
 23733 | Spider:4 | Gained mutation: Your body has grown many eyes which may
                  | confuse attackers. (Acc +5) [Jiyva's grace]
 23733 | Spider:4 | Gained mutation: Your body is covered in eyes which may
                  | confuse attackers. (Acc +7, SInv) [Jiyva's grace]
 24220 | Spider:4 | Got a gossamer rune of Zot
 24496 | Shoals:1 | Entered Level 1 of the Shoals
 24538 | Shoals:1 | Found Cosuo's Jewellery Boutique.
 24815 | Shoals:1 | Bought an amulet of reflection for 510 gold pieces
 24958 | Shoals:1 | Found a transporter.
 25012 | Shoals:1 | Noticed avis's ghost (adept HOMo)
 25021 | Shoals:1 | Found a transporter.
 25149 | Shoals:1 | Reached XP level 18. HP: 73/165 MP: 27/27
 25154 | Shoals:1 | Slain by an alligator snapping turtle

Illustrated notes

Levels and vault maps discovered:
D:1:      saegor_arrival_miasma, layout_loops_ring, grunt_decor_mini_mirrors
D:2:      layout_loops_ring, basic_altar,
          hellmonk_ecumenical_altar_pennies_from_heaven
D:3:      layout_loops_cross, mainiacjoe_overflow_chevrons
D:4:      layout_cave_pods, kiku_gazebo_pond_becter, uniq_eustachio
D:5:      layout_loops_ring, minmay_temple_entry_enclosed_plants,
          nicolae_shop_dragon_depot, uniq_edmund
D:6:      layout_cave_pools, chequers_temple_overflow_minitemple,
          grunt_temple_overflow_octagram, gammafunk_ghost_arena
D:7:      layout_loops_ring, serial_rivers, chequers_serial_rivers_micro_d,
          chequers_serial_rivers_small_b, chequers_serial_rivers_micro_c,
          chequers_serial_rivers_small_3, chequers_serial_rivers_room_b,
          serial_shops, nicolae_shop_mannequins, nicolae_fountain_basement
D:8:      layout_layer_cave, tgw_xom, mainiacjoe_overflow_cross_hatched,
          minmay_between
D:9:      layout_roguey
D:10:     minmay_chambers_of_sevens, layout_basic, kennysheep_mini_moat,
          uniq_psyche
D:11:     layout_gridville, minmay_orc_entry_temple_small,
          nicolae_trove_entry_crystal, nicolae_dithmenos_the_darkroom
D:12:     layout_rooms, minmay_the_grid_2x2 [minmay_the_grid_all_tris,
          minmay_the_grid_spikes, minmay_the_grid_x,
          minmay_the_grid_prize_trominoes]
D:13:     layout_cave_pools, grunt_ministairs_10, uniq_kirke, uniq_jorgrun,
          uniq_josephine
D:14:     layout_irregular_city, ximxim_vaults_locker_room,
          chequers_decorated_corner, minivault_22, kennysheep_cluttered_room
D:15:     grunt_enter_depths_giant_problem, layout_basic,
          minmay_misc_feat_alley, uniq_roxanne
Lair:1:   layout_layer_cave, chequers_serial_rivers_micro_b
Lair:2:   layout_small_grid, gammafunk_ghost_arena, serial_bayou_ford_a,
          uniq_harold, uniq_erica
Lair:3:   layout_concentric_octagons, elwin_shoals_entry_stream,
          spider_nest_entry_funnel_web, uniq_nessos
Lair:4:   layout_misc_corridors, slime_entry_2, infiniplex_staircase_pool,
          grunt_megastairs_3
Lair:5:   guppyfry_lair_end_dragon, layout_regular_city,
          hangedman_lair_tendril_chambers, nicolae_volcano_entry_batcave
Shoals:1: layout_shoals, serial_shops, shop, gammafunk_ghost_berserking_beasts
Spider:1: layout_spider_delve, nicolae_spider_swamp_cousins, uniq_louise
Spider:2: layout_spider_delve
Spider:3: layout_chambers
Spider:4: spider_rune_water
Slime:1:  layout_caves
Slime:2:  layout_caves
Slime:3:  layout_caves
Slime:4:  cheibrodos_slime_lost_civilization_1, layout_caves,
          cheibrodos_slime_lost_civilization_4
Slime:5
Orc:1:    layout_caves, hangedman_minor_magic
Orc:2:    st_orc_open, layout_caves, portal_ice_cave_entry_ice_simulacra,
          hellmonk_bongcloud_opening, lemuel_statue_altar, uniq_azrael

Skill      XL: |  1  2  3  4  5  6  7  8  9 10 11 12 13 14 15 16 17 |
---------------+----------------------------------------------------+-----
Dodging        | 2 3 4 5 6 7 9 11 12 13 | 13.4
Stealth        | 1 2 3 4 |  4.0
Fighting       | 2 4 7 8 11 12 14 15 | 15.6
Unarmed Combat | 4 5 6 8 11 12 14 15 16 17 | 17.2
Poison Magic   | 2 3 4 |  4.0
Spellcasting   | 3 4 5 6 |  6.0
Transmutations | 3 6 8 9 |  9.4
Ice Magic      | 2 4 |  4.0
Evocations     | 5 6 7 9 |  9.0
Air Magic      | 4 |  4.0
Ranged Weapons | 4 6 7 |  7.4
Conjurations   | 4 |  4.0
Translocations | 2 4 |  4.9
Hexes          | 1 4 5 |  5.5
Shields        | 2 6 |  6.0

Action                     |  1- 3 |  4- 6 |  7- 9 | 10-12 | 13-15 | 16-18 || total
---------------------------+-------+-------+-------+-------+-------+-------++-------
  Melee: Unarmed           |   118 |   116 |   161 |   359 |  1121 |   983 ||  2858
         Tailslap          |    11 |    15 |    31 |    49 |   176 |   237 ||   519
         Headbutt          |    14 |    16 |    38 |    82 |   263 |   330 ||   743
         Kick              |    17 |    19 |    37 |    94 |   168 |   184 ||   519
         Punch             |     2 |     4 |     6 |    26 |    90 |   159 ||   287
   Fire: Shortbow          |       |       |       |       |    23 |    47 ||    70
         Orcbow            |       |       |       |       |       |    87 ||    87
  Throw: Dart              |       |    12 |     4 |     3 |       |       ||    19
         Boomerang         |       |       |       |     3 |     2 |       ||     5
         Throwing net      |       |       |       |       |       |     1 ||     1
   Cast: Beastly Appendage |    37 |    18 |    17 |    19 |    26 |    18 ||   135
         Wereblood         |       |     1 |     8 |    14 |    48 |    40 ||   111
         Ice Form          |       |       |       |    11 |    16 |       ||    27
         Spider Form       |       |       |       |     4 |       |       ||     4
         Mephitic Cloud    |       |       |       |       |    26 |    38 ||    64
         Ozocubu's Armour  |       |       |       |       |     3 |    13 ||    16
         Apportation       |       |       |       |       |       |     2 ||     2
 Invoke: Oozemancy         |       |       |     1 |     5 |     4 |       ||    10
         Slimify           |       |       |       |       |       |     1 ||     1
Ability: Breathe Fire      |       |       |    16 |    22 |    32 |    25 ||    95
         End Transformatio |       |       |       |     1 |     2 |       ||     3
  Evoke: Box of beasts     |       |       |       |       |     2 |       ||     2
         Wand              |       |       |       |       |     4 |       ||     4
         Phial of floods   |       |       |       |       |     1 |       ||     1
         Tin of tremorston |       |       |       |       |       |     2 ||     2
    Use: Scroll            |       |       |       |     5 |     8 |     3 ||    16
         Potion            |       |       |       |     1 |     5 |     3 ||     9
   Stab: Sleeping          |     2 |     4 |     1 |     3 |    16 |     2 ||    28
         Confused          |       |       |       |       |    44 |   121 ||   165
         Distracted        |       |       |       |       |     1 |     1 ||     2
         Held in net/web   |       |       |       |       |       |     1 ||     1
 Armour: Skin              |    40 |    27 |    61 |   138 |   260 |   299 ||   825
  Dodge: Dodged            |    66 |    45 |   147 |   301 |  1239 |  1137 ||  2935
  Block: Other             |       |       |       |       |       |   376 ||   376
         Reflection        |       |       |       |       |       |     6 ||     6

Table legend: (Time is in decaauts)
 A = Elapsed time spent in this place.
 B = Non-inter-level travel time spent in this place.
 C = Inter-level travel time spent in this place.
 D = Time resting spent in this place.
 E = Time spent auto-exploring this place.
 F = Levels seen in this place.
 G = Mean time per level.
                   A        B        C        D        E       F      G
               +--------+--------+--------+--------+--------+-----+--------+
         Total |  24599 |  22776 |   1823 |    275 |  15554 |  34 |  723.5 |
       Dungeon |  11967 |  11196 |    771 |     66 |   8603 |  15 |  797.8 |
          Lair |   5536 |   4917 |    619 |    166 |   2994 |   5 | 1107.2 |
        Shoals |    655 |    633 |     22 |      0 |    353 |   1 |  655.0 |
   Spider Nest |   3743 |   3613 |    130 |     13 |   2395 |   4 |  935.8 |
    Slime Pits |    198 |    117 |     81 |      0 |     13 |   5 |   39.6 |
  Orcish Mines |   1499 |   1301 |    198 |     30 |    757 |   2 |  749.5 |
      Ice Cave |    718 |    718 |      0 |      0 |    406 |   1 |  718.0 |
       Volcano |    279 |    279 |      0 |      0 |     31 |   1 |  279.0 |
               +--------+--------+--------+--------+--------+-----+--------+

Top non-repeatable levels by time:
  Lair:3: 1620 daAuts
  Lair:5: 1445 daAuts
Spider:3: 1323 daAuts
     D:8: 1301 daAuts
  Lair:2: 1194 daAuts
    D:14: 1072 daAuts
  Lair:4: 946 daAuts
    D:10: 884 daAuts
Spider:2: 859 daAuts
Spider:4: 814 daAuts
     D:6: 812 daAuts
     D:5: 811 daAuts
     D:4: 804 daAuts
    D:11: 791 daAuts
   Orc:2: 758 daAuts
